| TOP OF THE 1ST |
|
Columbus Clippers batting - Pitching for Buffalo Bisons : RHP Jonathon Crunk
|
|
Pitching: RHP Jonathon Crunk
|
|
|
Batting: LHB Jesus Lozano
|
0-0: Ball 1-0: Ball 2-0: Foul Ball, location: 2F 2-1: Called Strike 2-2: Strikes out swinging
|
|
Batting: RHB Mike Quackenbush
|
0-0: Foul Ball, location: 2F 0-1: Ball 1-1: Called Strike 1-2: Strikes out swinging
|
|
Batting: LHB Zack Berney
|
0-0: Ball 1-0: Called Strike 1-1: Foul Ball, location: 2F 1-2: Ball 2-2: Ground out U3 (Groundball, 34, EV 84.4 MPH)
|
| Top of the 1st over - 0 runs, 0 hits, 0 errors, 0 left on base; Columbus 0 - Buffalo 0 |
| BOTTOM OF THE 1ST |
|
Buffalo Bisons batting - Pitching for Columbus Clippers : RHP Ferdi Schipper
|
|
Pitching: RHP Ferdi Schipper
|
|
|
Batting: SHB Bran Stark
|
0-0: Swinging Strike 0-1: Called Strike 0-2: Ball 1-2: Ball 2-2: Strikes out swinging
|
|
Batting: RHB Jeff Garofalo
|
0-0: Foul Ball, location: 2F 0-1: Swinging Strike 0-2: Ball 1-2: Strikes out swinging
|
|
Batting: RHB Danny Miramontes
|
0-0: Foul Ball, location: 2F 0-1: Foul Ball, location: 2F 0-2: Foul Ball, location: 2F 0-2: Ball 1-2: Foul Ball, location: 2F 1-2: Ball 2-2: Foul Ball, location: 2F 2-2: Ground out 6-3 (Groundball, 6M, EV 101.2 MPH)
|
| Bottom of the 1st over - 0 runs, 0 hits, 0 errors, 0 left on base; Columbus 0 - Buffalo 0 |
| TOP OF THE 2ND |
|
Columbus Clippers batting - Pitching for Buffalo Bisons : RHP Jonathon Crunk
|
|
Batting: LHB Tyler Babbitt
|
0-0: Ball 1-0: Called Strike 1-1: Ball 2-1: Foul Ball, location: 2F 2-2: Strikes out swinging
|
|
Batting: RHB Chad Thompson
|
0-0: Foul Ball, location: 2F 0-1: Fly out, F2 (Popup, 13S, EV 76.2 MPH)
|
|
Batting: SHB Scott Scott
|
0-0: Ball 1-0: Called Strike 1-1: Ball 2-1: Ground out 4-3 (Groundball, 34, EV 80.6 MPH)
|
| Top of the 2nd over - 0 runs, 0 hits, 0 errors, 0 left on base; Columbus 0 - Buffalo 0 |
| BOTTOM OF THE 2ND |
|
Buffalo Bisons batting - Pitching for Columbus Clippers : RHP Ferdi Schipper
|
|
Batting: RHB Leo Mair
|
0-0: Ball 1-0: Called Strike 1-1: Ball 2-1: Fly out, F9 (Flyball, 9D, EV 91.2 MPH)
|
|
Batting: RHB Francisco Hernandez
|
0-0: Ball 1-0: Swinging Strike 1-1: Ball 2-1: Called Strike 2-2: Ball 3-2: Ground out U3 (Groundball, 34, EV 93.1 MPH)
|
|
Batting: RHB Zhi-bin Ou-yang
|
0-0: Fly out, F8 (Flyball, 8LD, EV 106.9 MPH)
|
| Bottom of the 2nd over - 0 runs, 0 hits, 0 errors, 0 left on base; Columbus 0 - Buffalo 0 |
| TOP OF THE 3RD |
|
Columbus Clippers batting - Pitching for Buffalo Bisons : RHP Jonathon Crunk
|
|
Batting: RHB Joeri Plas
|
0-0: Ball 1-0: Ball 2-0: Called Strike 2-1: Ball 3-1: Swinging Strike 3-2: Strikes out swinging
|
|
Batting: RHB Jason Sher
|
0-0: Ball 1-0: Ball 2-0: Foul Ball, location: 2F 2-1: Foul Ball, location: 2F 2-2: Fly out, F9 (Flyball, 9LD, EV 91.9 MPH)
|
|
Batting: RHB George Wagner
|
0-0: Bunt missed! 0-1: Called Strike 0-2: Ball 1-2: Strikes out swinging
|
| Top of the 3rd over - 0 runs, 0 hits, 0 errors, 0 left on base; Columbus 0 - Buffalo 0 |
| BOTTOM OF THE 3RD |
|
Buffalo Bisons batting - Pitching for Columbus Clippers : RHP Ferdi Schipper
|
|
Batting: RHB Väinö Tapaninen
|
0-0: Ball 1-0: Ball 2-0: SINGLE (Flyball, 34D, EV 89.4 MPH)
|
|
Batting: RHB Bobby Lasaguna
|
0-0: Ball 1-0: Called Strike 1-1: Foul Ball, location: 2F 1-2: Ball 2-2: Ball 3-2: Foul Ball, location: 2F 3-2: Base on Balls Väinö Tapaninen to second
|
|
Batting: RHB Chris Martin
|
0-0: Ball 1-0: Called Strike 1-1: Ball 2-1: Foul Ball, location: 2F 2-2: Ball 3-2: Foul Ball, location: 2F 3-2: Base on Balls Väinö Tapaninen to third Bobby Lasaguna to second
|
|
Batting: SHB Bran Stark
|
0-0: Ball 1-0: Swinging Strike 1-1: Ball 2-1: Ball 3-1: Foul Ball, location: 2F 3-2: Grounds into double play, 6-4-3 (Groundball, 6M, EV 86.9 MPH) Väinö Tapaninen scores Bobby Lasaguna to third
|
|
Batting: RHB Jeff Garofalo
|
0-0: Ball 1-0: Ball 2-0: Ball 3-0: Base on Balls
|
|
Batting: RHB Danny Miramontes
|
0-0: Foul Ball, location: 2F 0-1: Swinging Strike 0-2: Strikes out swinging
|
| Bottom of the 3rd over - 1 run, 1 hit, 0 errors, 2 left on base; Columbus 0 - Buffalo 1 |
| TOP OF THE 4TH |
|
Columbus Clippers batting - Pitching for Buffalo Bisons : RHP Jonathon Crunk
|
|
Batting: LHB Jesus Lozano
|
0-0: Swinging Strike 0-1: SINGLE (Line Drive, 7S, EV 107.5 MPH)
|
|
Batting: RHB Mike Quackenbush
|
0-0: Called Strike 0-1: Ball Jesus Lozano steals 2nd, throwing error, E2 Jesus Lozano to third 1-1: Called Strike 1-2: Ball 2-2: Foul Ball, location: 2F 2-2: Strikes out looking
|
|
Batting: LHB Zack Berney
|
0-0: Foul Ball, location: 2F 0-1: Swinging Strike 0-2: Strikes out swinging
|
|
Batting: LHB Tyler Babbitt
|
0-0: Called Strike 0-1: Called Strike 0-2: Foul Ball, location: 2F 0-2: Ball 1-2: Foul Ball, location: 2F 1-2: Ground out 4-3 (Groundball, 4, EV 107.5 MPH)
|
| Top of the 4th over - 0 runs, 1 hit, 1 error, 1 left on base; Columbus 0 - Buffalo 1 |
| BOTTOM OF THE 4TH |
|
Buffalo Bisons batting - Pitching for Columbus Clippers : RHP Ferdi Schipper
|
|
Batting: RHB Leo Mair
|
0-0: Ball 1-0: Ball 2-0: Foul Ball, location: 2F 2-1: Foul Ball, location: 2F 2-2: Foul Ball, location: 2F 2-2: Fly out, F9 (Flyball, 89S, EV 79.4 MPH)
|
|
Batting: RHB Francisco Hernandez
|
0-0: Fly out, F3 (Popup, 3SF, EV 89.4 MPH)
|
|
Batting: RHB Zhi-bin Ou-yang
|
0-0: Fly out, F9 (Flyball, 9, EV 74.4 MPH)
|
| Bottom of the 4th over - 0 runs, 0 hits, 0 errors, 0 left on base; Columbus 0 - Buffalo 1 |
| TOP OF THE 5TH |
|
Columbus Clippers batting - Pitching for Buffalo Bisons : RHP Jonathon Crunk
|
|
Batting: RHB Chad Thompson
|
0-0: Ball 1-0: Ball 2-0: Foul Ball, location: 2F 2-1: Ball 3-1: SINGLE (Line Drive, 9LM, EV 106.9 MPH)
|
|
Batting: SHB Scott Scott
|
0-0: Ball Chad Thompson is caught stealing 2nd base 2-6 1-0: Foul Ball, location: 2F 1-1: DOUBLE (Line Drive, 9LS, EV 96.9 MPH)
|
|
Batting: RHB Joeri Plas
|
0-0: Ground out 6-3 (Groundball, 6, EV 105.6 MPH)
|
|
Batting: RHB Jason Sher
|
0-0: Ball 1-0: Swinging Strike 1-1: Foul Ball, location: 2F 1-2: Foul Ball, location: 2F 1-2: Ball 2-2: Strikes out looking
|
| Top of the 5th over - 0 runs, 2 hits, 0 errors, 1 left on base; Columbus 0 - Buffalo 1 |
| BOTTOM OF THE 5TH |
|
Buffalo Bisons batting - Pitching for Columbus Clippers : RHP Ferdi Schipper
|
|
Batting: RHB Väinö Tapaninen
|
0-0: Called Strike 0-1: Ball 1-1: SINGLE (Line Drive, 89S, EV 102.5 MPH)
|
|
Batting: RHB Bobby Lasaguna
|
0-0: Ball 1-0: Ball Väinö Tapaninen steals 2nd base 2-0: Ball 3-0: Called Strike 3-1: Foul Ball, location: 2F 3-2: SINGLE (Groundball, 56S, EV 61.9 MPH) (infield hit) Väinö Tapaninen to third
|
|
Batting: RHB Chris Martin
|
0-0: Ball 1-0: Ball 2-0: Ball Bobby Lasaguna steals 2nd base 3-0: Base on Balls
|
|
Batting: SHB Bran Stark
|
0-0: Called Strike 0-1: Swinging Strike 0-2: Foul Ball, location: 2F 0-2: Ball 1-2: Ball 2-2: Grounds into double play, 5-4-3 (Groundball, 56S, EV 84.4 MPH) Väinö Tapaninen scores Bobby Lasaguna to third
|
|
Batting: RHB Jeff Garofalo
|
0-0: Swinging Strike 0-1: Foul Ball, location: 2F 0-2: Foul Ball, location: 2F 0-2: Strikes out swinging
|
| Bottom of the 5th over - 1 run, 2 hits, 0 errors, 1 left on base; Columbus 0 - Buffalo 2 |
| TOP OF THE 6TH |
|
Columbus Clippers batting - Pitching for Buffalo Bisons : RHP Jonathon Crunk
|
|
Batting: RHB George Wagner
|
0-0: Ball 1-0: Ground out 5-3 (Groundball, 25, EV 66.9 MPH)
|
|
Batting: LHB Jesus Lozano
|
0-0: Called Strike 0-1: Called Strike 0-2: Strikes out swinging
|
|
Batting: RHB Mike Quackenbush
|
0-0: Ball 1-0: Ground out 4-3 (Groundball, 34, EV 91.9 MPH)
|
| Top of the 6th over - 0 runs, 0 hits, 0 errors, 0 left on base; Columbus 0 - Buffalo 2 |
| BOTTOM OF THE 6TH |
|
Buffalo Bisons batting - Pitching for Columbus Clippers : RHP Ferdi Schipper
|
|
Batting: RHB Danny Miramontes
|
0-0: Called Strike 0-1: Ball 1-1: Ball 2-1: Foul Ball, location: 2F 2-2: Strikes out swinging
|
|
Batting: RHB Leo Mair
|
0-0: Swinging Strike 0-1: Foul Ball, location: 2F 0-2: Foul Ball, location: 2F 0-2: Ball 1-2: Foul Ball, location: 2F 1-2: Foul Ball, location: 2F 1-2: Ball 2-2: SINGLE (Groundball, 34D, EV 105.6 MPH)
|
|
Pitching: RHP Josh Hoeye
|
|
|
Batting: RHB Francisco Hernandez
|
0-0: Called Strike 0-1: Foul Ball, location: 2F 0-2: Ball 1-2: Ball 2-2: SINGLE (Line Drive, 8RS, EV 98.8 MPH) Leo Mair to second
|
|
Batting: RHB Zhi-bin Ou-yang
|
0-0: Ball 1-0: Swinging Strike 1-1: Ball 2-1: Foul Ball, location: 2F 2-2: Ball 3-2: Foul Ball, location: 2F 3-2: 3-RUN HOME RUN (Flyball, 9LD, EV 93.8 MPH), Distance : 346 ft
|
|
Batting: RHB Väinö Tapaninen
|
0-0: Called Strike 0-1: Ball 1-1: Called Strike 1-2: Fly out, F8 (Flyball, 8RS, EV 93.1 MPH)
|
|
Batting: RHB Bobby Lasaguna
|
0-0: Ball 1-0: Ground out 5-3 (Groundball, 56, EV 93.1 MPH)
|
| Bottom of the 6th over - 3 runs, 3 hits, 0 errors, 0 left on base; Columbus 0 - Buffalo 5 |
| TOP OF THE 7TH |
|
Columbus Clippers batting - Pitching for Buffalo Bisons : RHP Jonathon Crunk
|
|
Batting: LHB Zack Berney
|
0-0: Called Strike 0-1: Ball 1-1: Fly out, F8 (Line Drive, 8RD, EV 93.1 MPH)
|
|
Batting: LHB Tyler Babbitt
|
0-0: Ball 1-0: Foul Ball, location: 2F 1-1: DOUBLE (Line Drive, 89D, EV 110.0 MPH)
|
|
Batting: RHB Chad Thompson
|
0-0: Ball 1-0: Called Strike 1-1: Foul Ball, location: 2F 1-2: Strikes out swinging
|
|
Batting: SHB Scott Scott
|
0-0: Ball 1-0: Foul Ball, location: 2F 1-1: Ball 2-1: Swinging Strike 2-2: Strikes out looking
|
| Top of the 7th over - 0 runs, 1 hit, 0 errors, 1 left on base; Columbus 0 - Buffalo 5 |
| BOTTOM OF THE 7TH |
|
Buffalo Bisons batting - Pitching for Columbus Clippers : RHP Josh Hoeye
|
|
Batting: RHB Chris Martin
|
0-0: Ball 1-0: Called Strike 1-1: Foul Ball, location: 2F 1-2: Ball 2-2: Ground out 4-3 (Groundball, 4, EV 89.4 MPH)
|
|
Batting: SHB Bran Stark
|
0-0: Ball 1-0: SINGLE (Groundball, 34D, EV 108.1 MPH)
|
|
Batting: RHB Jeff Garofalo
|
0-0: Ball 1-0: Ball Bran Stark is caught stealing 2nd base 2-4 2-0: Fly out, F8 (Line Drive, 8LM, EV 90.6 MPH)
|
| Bottom of the 7th over - 0 runs, 1 hit, 0 errors, 0 left on base; Columbus 0 - Buffalo 5 |
| TOP OF THE 8TH |
|
Columbus Clippers batting - Pitching for Buffalo Bisons : RHP Jonathon Crunk
|
|
Now at 2B: Zhi-bin Ou-yang
|
|
|
Now at 3B: Danny Eberhart
|
|
|
Batting: RHB Joeri Plas
|
0-0: Ball 1-0: Ball 2-0: SINGLE (Groundball, 6D, EV 101.9 MPH)
|
|
Batting: RHB Jason Sher
|
0-0: Foul Ball, location: 2F 0-1: SINGLE (Groundball, 34, EV 100.0 MPH) Joeri Plas to second Runner from 2nd tries for 3rd, SAFE, throw by RF made to third
|
|
Batting: RHB George Wagner
|
0-0: Called Strike 0-1: Ball 1-1: Foul Ball, location: 2F 1-2: Ball 2-2: Ball 3-2: Base on Balls Jason Sher to second
|
|
Batting: LHB Jesus Lozano
|
0-0: Ball 1-0: SINGLE (Line Drive, 8LS, EV 95.6 MPH) Joeri Plas scores Jason Sher to third George Wagner to second Runner from 3rd tries for Home, SAFE, throw by CF to home
|
|
Pitching: RHP Luis Bautista
|
|
|
Now at 2B: Danny Eberhart
|
|
|
Now at 3B: Danny Heyer
|
|
|
Batting: RHB Mike Quackenbush
|
0-0: Ball 1-0: Swinging Strike 1-1: Foul Ball, location: 2F 1-2: Ball 2-2: Strikes out swinging
|
|
Batting: LHB Zack Berney
|
0-0: Foul Ball, location: 2F 0-1: Swinging Strike 0-2: Strikes out swinging
|
|
Batting: LHB Tyler Babbitt
|
0-0: Called Strike 0-1: Ground out 5-3 (Groundball, 56S, EV 65.0 MPH)
|
| Top of the 8th over - 2 runs, 3 hits, 0 errors, 2 left on base; Columbus 2 - Buffalo 5 |
| BOTTOM OF THE 8TH |
|
Buffalo Bisons batting - Pitching for Columbus Clippers : RHP Josh Hoeye
|
|
Batting: LHB Jack Bell
|
0-0: Called Strike 0-1: Ball 1-1: Foul Ball, location: 2F 1-2: Foul Ball, location: 2F 1-2: Ball 2-2: Foul Ball, location: 2F 2-2: Strikes out swinging
|
|
Batting: RHB Leo Mair
|
0-0: Ball 1-0: DOUBLE (Line Drive, 89D, EV 108.8 MPH)
|
|
Batting: RHB Francisco Hernandez
|
0-0: Ball 1-0: Foul Ball, location: 2F 1-1: SINGLE (Flyball, 8LS, EV 98.8 MPH) Leo Mair to third Runner from 3rd tries for Home, SAFE, throw by CF to home
|
|
Pitching: RHP Jason Greene
|
|
|
Now in LF: Zion Davidson
|
|
|
Now in CF: Chad Thompson
|
|
|
Batting: RHB Danny Heyer
|
0-0: Called Strike 0-1: Swinging Strike 0-2: Ball 1-2: Strikes out swinging
|
|
Batting: RHB Väinö Tapaninen
|
0-0: Ball 1-0: Called Strike 1-1: Ground out 4-3 (Groundball, 4, EV 82.5 MPH)
|
| Bottom of the 8th over - 1 run, 2 hits, 0 errors, 1 left on base; Columbus 2 - Buffalo 6 |
| TOP OF THE 9TH |
|
Columbus Clippers batting - Pitching for Buffalo Bisons : RHP Luis Bautista
|
|
Batting: RHB Chad Thompson
|
0-0: Ball 1-0: Foul Ball, location: 2F 1-1: Fly out, F7 (Flyball, 7D, EV 100.6 MPH)
|
|
Batting: SHB Scott Scott
|
0-0: Ball 1-0: Ground out 5-3 (Groundball, 56, EV 85.0 MPH)
|
|
Batting: RHB Joeri Plas
|
0-0: Ball 1-0: Ball 2-0: Foul Ball, location: 2F 2-1: Swinging Strike 2-2: Ground out U3 (Groundball, 34S, EV 74.4 MPH)
|
| Top of the 9th over - 0 runs, 0 hits, 0 errors, 0 left on base; Columbus 2 - Buffalo 6 |
|